 Dungeon Crawl Stone Soup version 0.27.0 (webtiles) character file.

Game seed: 14071990790982191963

501 Spaninq the Conjurer (level 6, -17/43 HPs)
             Began as a Palentonga Conjurer on July 30, 2021.
             Was an Initiate of Qazlal.
             Demolished by an orc warrior (18 damage)
             ... on level 6 of the Dungeon.
             The game lasted 00:15:48 (5165 turns).

Spaninq the Conjurer (Palentonga Conjurer)          Turns: 5165, Time: 00:15:49

Health: -17/43     AC:  5    Str: 10    XL:     6   Next: 95%
Magic:  0/12       EV:  9    Int: 21    God:    Qazlal [......]
Gold:   228        SH:  0    Dex:  8    Spells: 4/13 levels left

rFire    . . .     SeeInvis +   b - +1 dagger (elec)
rCold    . . .     Faith    .   (no shield)
rNeg     . . .     Spirit   .   a - +0 robe
rPois    .         Reflect  .   o - +0 helmet
rElec    .         Harm     .   (no cloak)
rCorr    .         Rampage  .   (no gloves)
Will     .....                  (no barding)
Stlth    +.........             (no amulet)
HPRegen  0.14/turn              s - ring of wizardry
MPRegen  0.13/turn              (no ring)

@: no status effects
A: large, rugged brown scales 3, see invisible, deformed body, roll 1, armoured
tail
a: Rolling Charge, Renounce Religion


You were on level 6 of the Dungeon.
You worshipped Qazlal.
Qazlal was noncommittal.
You visited 2 branches of the dungeon, and saw 7 of its levels.

You collected 228 gold pieces.

Inventory:

Hand Weapons
 b - a +1 dagger of electrocution (weapon)
Missiles
 u - 2 throwing nets
Armour
 a - a +0 robe (worn)
 o - a +0 helmet (worn)
Jewellery
 s - a ring of wizardry (left hand)
Wands
 p - a wand of flame (21)
Scrolls
 c - 4 scrolls of identify {unknown}
 e - 2 scrolls of teleportation {unknown}
 f - a scroll of enchant weapon {unknown}
 g - a scroll of fear {unknown}
 i - a scroll of fog {unknown}
 j - a scroll of noise {unknown}
 k - a scroll of immolation {unknown}
 l - a scroll of holy word {unknown}
 m - a scroll of acquirement {unknown}
 n - a scroll of magic mapping {unknown}
Potions
 d - 2 potions of flight {unknown}
 h - a potion of ambrosia {unknown}
 q - a potion of attraction {unknown}
 r - a potion of might {unknown}
 t - a potion of curing {unknown}


   Skills:
 - Level 1.5 Dodging
 - Level 1.2 Stealth
 + Level 4.0 Spellcasting
 * Level 6.3 Conjurations
 + Level 1.1 Air Magic
 + Level 1.2 Poison Magic


You had 4 spell levels left.
You knew the following spells:

 Your Spells              Type           Power      Damage    Failure   Level
a - Magic Dart            Conj           100%       1d8       1%          1
b - Searing Ray           Conj           60%        3d5       1%          2
c - Dazzling Flash        Conj/Hex       34%        N/A       4%          3
d - Mephitic Cloud        Conj/Pois/Air  16%        N/A       4%          3

Your spell library contained the following spells:

 Spells                   Type           Power      Damage    Failure   Level
 Call Imp                 Summ           4%         N/A       8%          2
 Fulminant Prism          Conj/Hex       8%         3d7       13%         4
 Iskenderun's Mystic Bla  Conj/Tloc      17%        2d5       13%         4
 Irradiate                Conj/Tmut      8%         3d16      34%         5
 Blade Hands              Tmut           2%         N/A       75%         5
 Dragon Form              Tmut           2%         N/A       100%        7


Dungeon Overview and Level Annotations

Branches:
Dungeon (6/15)             Temple (1/1) D:4

Altars:
Ashenzari
Cheibriados
Dithmenos
Elyvilon
Gozag
Hepliaklqana
Kikubaaqudgha
Nemelex Xobeh
Okawaru
Qazlal
Ru
Sif Muna
Uskayaw
Vehumet
Wu Jian
Xom
Yredelemnul
Zin

Shops:
D:2 !


Innate Abilities, Weirdness & Mutations

You are completely covered in rugged brown scales. (AC +3, +7% HP)
You have supernaturally acute eyesight. (SInv)
Armour fits poorly on your strangely shaped body.
You can roll at nearby foes to attack.
You have a long armoured tail.


Message History

The magic dart hits the orc warrior but does no damage.
Casting: Magic Dart (safe; 1% risk of failure)
Confirm with . or Enter, or press ? or * to list all spells.
Aiming: Searing Ray (safe; 1% risk of failure)
Press: ? - help, Shift-Dir - straight line, f/p - orc warrior
Aim: an orc warrior, wielding a +1 scimitar of electrocution and wearing a +0 chain mail (77% to hit)
The searing ray hits the orc warrior but does no damage. (Press . to maintain the ray.)
An orc comes into view. It is wielding a +0 club.
The searing ray hits the orc warrior!
The orc warrior is moderately wounded.
The searing ray hits the orc warrior.
The orc warrior is heavily wounded.
The searing ray misses the orc warrior.
You finish channeling your searing ray.
Casting: Searing Ray (safe; 1% risk of failure)
Confirm with . or Enter, or press ? or * to list all spells.
Aiming: Searing Ray (safe; 1% risk of failure)
Press: ? - help, Shift-Dir - straight line, f/p - orc warrior
Aim: an orc warrior, wielding a +1 scimitar of electrocution and wearing a +0 chain mail (heavily wounded, 77% to hit)
The searing ray hits the orc warrior.
The orc warrior is heavily wounded.
The searing ray hits the orc!
You kill the orc!
Qazlal accepts your kill. (Press . to maintain the ray.)
The orc shouts!
The orc warrior hits you with a +1 scimitar of electrocution.
You are electrocuted!
The searing ray hits the orc warrior!
The orc warrior is almost dead.
The orc warrior hits you with a +1 scimitar of electrocution.
The searing ray hits the orc warrior.
The orc warrior is almost dead.
The orc warrior hits you with a +1 scimitar of electrocution.
You are electrocuted!
* * * LOW HITPOINT WARNING * * *
The orc warrior hits you with a +1 scimitar of electrocution.
* * * LOW HITPOINT WARNING * * *
You are electrocuted!!
You die...

##### ###...# ##.....#
##.....########
#......##.....##
########.#...##......#
..#......#.............
.......@o.........#...
.........<........# .#
#...#.............##.#
##.
#......o.........###
##.......)......)...
#.##.##............ ...
##.#............ ....
#.............$ .##
................


You could see an orc warrior and an orc.

Vanquished Creatures
  A black bear (D:5)
  A centaur skeleton (D:4)
  2 orc priests
  A bullfrog skeleton (D:5)
  An iguana (D:6)
  An orc wizard (D:3)
  A hound skeleton (D:5)
  8 adders
  7 gnolls
  A white imp (D:6)
  A dart slug (D:3)
  6 orcs
  6 bats
  5 endoplasms
  3 giant cockroaches
  10 goblins
  4 hobgoblins
  6 jackals (D:1)
  6 kobolds
  2 quokkas
  11 ball pythons
  8 frilled lizards
  4 rats
96 creatures vanquished.

Vanquished Creatures (others)
  5 toadstools (D:1)
5 creatures vanquished.

Grand Total: 101 creatures vanquished

Notes
Turn   | Place    | Note
-------+----------+-------------------------------------------
     0 | D:1      | Spaninq the Palentonga Conjurer began the quest for the
                  | Orb.
     0 | D:1      | Reached XP level 1. HP: 13/13 MP: 3/3
   153 | D:1      | Reached XP level 2. HP: 20/20 MP: 3/5
   191 | D:1      | Learned a level 2 spell: Searing Ray
   246 | D:1      | Reached skill level 4 in Conjurations
   687 | D:1      | Reached XP level 3. HP: 25/25 MP: 6/6
  1685 | D:2      | Reached XP level 4. HP: 32/32 MP: 4/8
  1789 | D:2      | Reached skill level 5 in Conjurations
  2341 | D:2      | Found Taull's Distillery.
  2567 | D:3      | Reached XP level 5. HP: 32/37 MP: 5/9
  2891 | D:3      | Found a faded altar of an unknown god.
  3519 | D:4      | Found a staircase to the Ecumenical Temple.
  3535 | Temple   | Entered the Ecumenical Temple
  3818 | Temple   | Became a worshipper of Qazlal Stormbringer
  4010 | D:4      | Learned a level 3 spell: Dazzling Flash
  4190 | D:4      | You fall into a shaft and drop 1 floor!
  4190 | D:5      | Entered Level 5 of the Dungeon
  4362 | D:5      | Learned a level 3 spell: Mephitic Cloud
  4565 | D:5      | Noticed a black bear
  4569 | D:5      | Killed a black bear
  4570 | D:5      | Reached skill level 6 in Conjurations
  4570 | D:5      | Reached XP level 6. HP: 43/43 MP: 5/11
  4700 | D:5      | Reached skill level 1 in Air Magic
  4700 | D:5      | Reached skill level 1 in Poison Magic
  5010 | D:6      | Noticed a yak
  5010 | D:6      | Noticed a yak
  5010 | D:6      | Noticed a yak
  5154 | D:6      | Noticed an orc warrior
  5163 | D:6      | HP: 2/43 [orc warrior (13)]
  5165 | D:6      | Demolished by an orc warrior

Illustrated notes

Levels and vault maps discovered:
D:1:      ldierk_walled_garden, layout_loops_cross
D:2:      layout_rooms, serial_shops, nicolae_shop_stone
D:3:      layout_loops_corners, ebering_ecumenical_altar_webs,
          kennysheep_decorative_pillar, chequers_serial_rivers_micro_e,
          minmay_misc_feat_tiny
D:4:      layout_cave_pools, minmay_temple_entry_proselytizer
D:5:      layout_basic, uniq_sigmund
D:6:      layout_cave_pools, bloody_trog
Temple:   dpeg_five_rooms_temple

Skill      XL: |  1  2  3  4  5  6 |
---------------+-------------------+-----
Conjurations   | 4 5 6 |  6.3
Spellcasting   | 3 4 |  4.0
Air Magic      | 1 |  1.1
Poison Magic   | 1 |  1.2
Dodging        | |  1.5
Stealth        | |  1.2

Action                   |  1- 3 |  4- 6 || total
-------------------------+-------+-------++-------
Melee: Unarmed           |     6 |       ||     6
       Dagger            |    35 |     4 ||    39
       Tailslap          |       |     1 ||     1
 Cast: Magic Dart        |    30 |    57 ||    87
       Searing Ray       |     9 |    27 ||    36
 Stab: Sleeping          |     1 |       ||     1
Armor: Robe              |    23 |    10 ||    33
Dodge: Dodged            |    17 |    10 ||    27
